 Dungeon Crawl Stone Soup version 0.27.1-1-g398f81649c (webtiles) character file.

Game seed: 12786525748726585404

77 MajorAdolf the Skirmisher (level 4, -3/45 HPs)
             Began as a Naga Wanderer on Sept 7, 2021.
             Killed by divine providence
             ... invoked by an orc priest
              (12 damage)
             ... on level 3 of the Dungeon.
             The game lasted 00:03:05 (1738 turns).

MajorAdolf the Skirmisher (Naga Wanderer)           Turns: 1738, Time: 00:03:05

Health: -3/45      AC: 12    Str: 15    XL:     4   Next: 33%
Magic:  5/5        EV:  4    Int: 11    God:
Gold:   33         SH:  0    Dex: 12    Spells: 5/5 levels left

rFire    . . .     SeeInvis +   a - +2 falchion
rCold    . . .     Faith    .   (no shield)
rNeg     . . .     Spirit   .   m - +0 chain mail
rPois    +         Reflect  .   (no helmet)
rElec    .         Harm     .   (no cloak)
rCorr    .         Rampage  .   r - +2 pair of gloves
Will     .....                  (no barding)
Stlth    ..........             g - amulet of the acrobat
HPRegen  0.15/turn              e - ring of wizardry
MPRegen  0.09/turn              h - +4 ring of protection

@: very slow
A: AC +1, large, see invisible, deformed body, poison resistance, slowness 2,
spit poison 1, naga tail 1
a: Spit Poison


You were on level 3 of the Dungeon.
You visited 1 branch of the dungeon, and saw 3 of its levels.

You collected 33 gold pieces.

Inventory:

Hand Weapons
 a - a +2 falchion (weapon)
Missiles
 i - 16 stones (quivered)
Armour
 m - a +0 chain mail (worn)
 r - a +2 pair of gloves (worn)
Jewellery
 e - a ring of wizardry (left hand)
 g - an amulet of the acrobat (around neck)
 h - a +4 ring of protection (right hand)
Scrolls
 c - a scroll of teleportation
 j - a scroll of silence {unknown}
 q - a scroll of fear {unknown}
Potions
 b - 4 potions of curing
 f - a potion of heal wounds {unknown}
 k - 2 potions of lignification {unknown}
 l - a potion of brilliance {unknown}
 n - a potion of flight {unknown}
 o - 2 potions of attraction {unknown}


   Skills:
 + Level 4.6 Fighting
 + Level 3.8 Long Blades
 + Level 0.9 Armour
 + Level 0.0 Dodging
 - Level 1.5 Stealth
 - Level 1.0 Shields
 + Level 1.0 Spellcasting
 - Level 1.0 Evocations


You had 5 spell levels left.
You didn't know any spells.
Your spell library contained the following spells:

 Spells                   Type           Power      Damage    Failure   Level
 Slow                     Hex            0%         N/A       98%         2
 Confusing Touch          Hex            0%         N/A       100%        3
 Vampiric Draining        Necr           0%         2d6       100%        3


Dungeon Overview and Level Annotations

Branches:
Dungeon (3/15)

Altars:


Innate Abilities, Weirdness & Mutations

Your serpentine skin is tough. (AC +1)
You have supernaturally acute eyesight. (SInv)
Armour fits poorly on your strangely shaped body.
Your system is resistant to poisons. (rPois)
You cover ground very slowly.
You can spit poison.
You have a snake-like lower body.


Message History

The splash of poison misses the orc priest.
The bat barely misses you.
Unknown command.
You hit the orc priest.
The orc priest is lightly wounded.
The bat hits you but does no damage.
The orc priest hits you with a +0 hand axe.
You hit the orc priest.
The orc priest is heavily wounded.
The bat barely misses you. The bat hits you but does no damage. x2
The orc priest completely misses you.
You riposte.
Your chain mail prevents you from hitting the orc priest.
The orc priest is heavily wounded.
You hit the orc priest.
The orc priest is heavily wounded.
The bat hits you but does no damage.
The orc priest hits you but does no damage.
You hit the orc priest but do no damage.
The orc priest is heavily wounded.
The bat hits you.
The orc priest hits you but does no damage.
You closely miss the orc priest.
The orc priest is heavily wounded.
The bat hits you but does no damage.
The orc priest hits you with a +0 hand axe.
Your chain mail prevents you from hitting the orc priest.
The orc priest is heavily wounded.
You have got your breath back.
The bat barely misses you. The bat hits you but does no damage.
The orc priest calls down the wrath of Beogh upon you.
Beogh smites you!
You closely miss the orc priest.
The orc priest is heavily wounded.
The bat hits you.
The orc priest mumbles some strange prayers to Beogh against you.
Pain shoots through your body!
* * * LOW HITPOINT WARNING * * *
The orc priest calls down the wrath of Beogh upon you.
Beogh smites you!
You die...

###...###
#...# ##.$#
#..# #..# #..#
#..#
####.†###.#
#.....@o..#
......$.b#####
.....###.#
##### #.. ####


You could see an orc priest and a bat.

Vanquished Creatures
  3 adders (D:2)
  A worm (D:2)
  A dart slug (D:1)
  2 orcs (D:3)
  3 ball pythons
  4 bats
  5 endoplasms
  4 giant cockroaches
  2 goblins (D:1)
  7 hobgoblins
  2 quokkas
  2 kobolds (D:2)
  3 rats
39 creatures vanquished.

Notes
Turn   | Place    | Note
-------+----------+-------------------------------------------
     0 | D:1      | MajorAdolf the Naga Wanderer began the quest for the Orb.
     0 | D:1      | MajorAdolf set off with the following items: a +2 falchion,
                  | a potion of curing, a scroll of teleportation, a +0 robe
     0 | D:1      | Reached XP level 1. HP: 22/22 MP: 1/1
    59 | D:1      | Found a faded altar of an unknown god.
   451 | D:1      | Reached XP level 2. HP: 26/30 MP: 2/2
   923 | D:1      | You fall into a shaft and drop 1 floor!
   935 | D:2      | Reached XP level 3. HP: 37/37 MP: 3/3
  1340 | D:2      | Reached skill level 1 in Spellcasting
  1340 | D:2      | Reached XP level 4. HP: 40/45 MP: 5/5
  1738 | D:3      | Killed from afar by an orc priest

Illustrated notes

Levels and vault maps discovered:
D:1:      eino_arrival_cavern_e, layout_rooms, dreamdust_ecumenical_altar_grove,
          minmay_pentomino_q2
D:2:      layout_rooms
D:3:      layout_loops_ring, ebering_ghost_disaster_area, corner_web_ring

Skill      XL: |  1  2  3 |
---------------+----------+-----
Spellcasting   | 1 |  1.0
Fighting       | |  4.6
Long Blades    | |  3.8
Armour         | |  0.9
Stealth        | |  1.5
Shields        | |  1.0
Evocations     | |  1.0

Action                   |  1- 3 |  4- 6 || total
-------------------------+-------+-------++-------
Melee: Falchion          |    54 |    15 ||    69
Throw: Stone             |    25 |     1 ||    26
 Abil: Spit Poison       |    14 |     3 ||    17
Armor: Robe              |     5 |       ||     5
       Chain mail        |    14 |    22 ||    36
Dodge: Dodged            |    20 |    18 ||    38
       Rpst.: Falchion   |    10 |     3 ||    13
